 Dungeon Crawl Stone Soup version 0.30.0-5-g1a98f26d00 (webtiles) character file.

Game seed: 17081829889479199721

4074 qeuew the Protected (level 10, -8/88 HPs)
             Began as a Minotaur Fighter on May 12, 2023.
             Was an Elder of Jiyva.
             Mangled by an orc warrior
             ... wielding a +0 dire flail
              (12 damage)
             ... on level 10 of the Dungeon.
             The game lasted 00:07:32 (4819 turns).

qeuew the Protected (Minotaur Fighter)              Turns: 4819, Time: 00:07:37

Health: -8/88      AC:  5    Str: 21    XL:     10   Next: 5%
Magic:  9/9        EV: 13    Int:  3    God:    Jiyva [****..]
Gold:   114        SH: 12    Dex: 20    Spells: 9/9 levels left

rFire   . . .        l - +5 war axe
rCold   + + +        c - +0 buckler
rNeg    . . .        b - +0 scale mail
rPois   .            (helmet restricted)
rElec   .            (no cloak)
rCorr   +            (no gloves)
SInv    .            (no boots)
Will    .....        g - amulet of reflection Stlth
                     (no ring)
HPRegen 1.62/turn    (no ring)
MPRegen 0.51/turn

%: reflection
@: no status effects
A: horns 2, retaliatory headbutt, agile 2, cold resistance 3, mutation
resistance 1, pseudopods 1
a: Renounce Religion, Oozemancy, Slimify


You were on level 10 of the Dungeon.
You worshipped Jiyva.
Jiyva was greatly pleased with you.
You visited 1 branch of the dungeon, and saw 10 of its levels.

You collected 114 gold pieces.

Inventory:

Hand Weapons
 l - a +5 war axe (weapon)
Armour
 b - a +0 scale mail (worn)
 c - a +0 buckler (worn)
Jewellery
 g - an amulet of reflection (around neck)
Scrolls
 a - a scroll of identify
 e - 3 scrolls of teleportation
 f - 2 scrolls of enchant weapon
 h - a scroll of fog
 j - a scroll of enchant armour
 k - a scroll of poison
Potions
 m - a potion of degeneration {unknown}


   Skills:
 + Level 8.1 Fighting
 + Level 7.6 Axes
 * Level 10.7 Armour
 + Level 6.2 Dodging
 + Level 8.0 Shields


You had 9 spell levels left.
You didn't know any spells.
Your spell library contained the following spells:

 Spells                   Type           Power      Damage    Failure   Level
 Malign Gateway           Summ/Tloc      0%         N/A       100%        7
 Summon Horrible Things   Summ           0%         N/A       100%        8


Dungeon Overview and Level Annotations

Branches:
Dungeon (11/15)
 Temple: D:4-7         Lair: D:8-11         Orc: D:9-12

Altars:
Cheibriados
Elyvilon
Gozag
Hepliaklqana
Kikubaaqudgha
Nemelex Xobeh
Okawaru
Qazlal
Sif Muna
Wu Jian
Xom
Zin
The Shining One
Jiyva

Shops:
D:4 [(

Annotations:
D:11 1 runed translucent door, Nidhogg036's ghost, journeyman DsFi


Innate Abilities, Weirdness & Mutations

You have a pair of horns on your head.
You reflexively headbutt those who attack you in melee.
You are very agile. (Dex +8, Str/Int -2)
Your flesh is almost immune to the effects of cold. (rC+++)
You are somewhat resistant to further mutation.
Armour fits poorly on your pseudopods.


Message History

The orc warrior is severely wounded.
You hit the orc wizard. You miss the orc wizard.
The orc wizard closely misses you.
The orc wizard hits you with a +0 dagger.
The orc warrior closely misses you.
The endoplasm barely misses the orc wizard.
The orc wizard gestures wildly while chanting.
The orc wizard flickers and vanishes!
Deactivating autopickup; reactivate with Ctrl-A.
The orc warrior hits you with a +0 dire flail!
* * * LOW HITPOINT WARNING * * *
The orc wizard casts a spell at you. The puff of flame hits you!
* * * LOW HITPOINT WARNING * * *
Something hits you.
* * * LOW HITPOINT WARNING * * *
The endoplasm closely misses something.
The orc wizard hits you but does no damage.
Unknown command.
Unknown command.
You feel better. You block the orc wizard's attack.
The orc warrior hits you with a +0 dire flail!
* * * LOW HITPOINT WARNING * * *
You hear some strange, mumbled words.
A puff of flame appears from out of thin air!
The puff of flame hits you!
* * * LOW HITPOINT WARNING * * *
Okay, then.
Okay, then.
Okay, then.
Unknown command.
The endoplasm hits the orc wizard.
Unknown command.
The orc wizard attacks as you move away!
The orc wizard barely misses you. You furiously retaliate!
You headbutt the orc wizard!
You kill the orc wizard!
The orc warrior attacks as you move away!
The orc warrior hits you with a +0 dire flail!
You die...

### ## +.########
... #........#
...####........#
...............#
...<...........#
........)@.....#
......J>o......#
.................
###.##########.##
# #


You could see an orc warrior and a neutral endoplasm (wandering) (fellow slime).

Vanquished Creatures
  Gastronok (D:8)
  A two-headed ogre (D:6)
  Pikel (D:4)
  Eustachio (D:4)
  A wyvern (D:11)
  A water moccasin (D:7)
  Duvessa (D:4)
  A sky beast (D:7)
  4 orc warriors (D:11)
  2 black bears
  An ogre (D:5)
  A phantom (D:5)
  A scorpion (D:5)
  3 wights (D:8)
  Dowan (D:4)
  An electric eel (D:6)
  2 hounds
  2 orc priests
  4 orc wizards
  2 iguanas
  Robin (D:4)
  16 gnolls
  4 adders
  A shadow imp (D:7)
  A white imp (D:5)
  An ufetubus (D:5)
  2 dart slugs
  6 orcs
  6 bats (D:1)
  An endoplasm (D:1)
  2 giant cockroaches (D:1)
  13 goblins
  9 hobgoblins
  A jackal (D:5)
  A quokka (D:3)
  3 ball pythons
  3 frilled lizards
  6 kobolds
  6 rats
115 creatures vanquished.

Vanquished Creatures (others)
  A lemure (D:4)
  A scorpion (D:5)
  9 jellies
  A hound (D:5)
  6 adders
  4 gnolls
  A white imp (D:6)
  A dart slug (D:3)
  10 orcs
  2 bats (D:3)
  4 endoplasms
  4 goblins
  3 hobgoblins
  A quokka (D:3)
  3 training dummies (D:4)
  A frilled lizard (D:2)
  4 kobolds
  A rat (D:1)
57 creatures vanquished.

Grand Total: 172 creatures vanquished

Notes
Turn   | Place    | Note
-------+----------+-------------------------------------------
     0 | D:1      | qeuew the Minotaur Fighter began the quest for the Orb.
     0 | D:1      | Reached XP level 1. HP: 19/19 MP: 0/0
    57 | D:1      | Reached XP level 2. HP: 27/27 MP: 1/1
   140 | D:1      | Reached skill level 4 in Armour
   222 | D:1      | Found a faded altar of an unknown god.
   233 | D:1      | Prayed at the altar of an unknown god.
   233 | D:1      | Became a worshipper of Jiyva Joosit the Shapeless
   233 | D:1      | Reached * piety under Jiyva
   876 | D:2      | Reached XP level 3. HP: 33/33 MP: 2/2
  1086 | D:2      | Reached ** piety under Jiyva
  1215 | D:3      | Reached skill level 1 in Dodging
  1558 | D:3      | Reached XP level 4. HP: 37/40 MP: 3/3
  1683 | D:3      | Reached *** piety under Jiyva
  1683 | D:3      | Gained mutation: You are agile. (Dex +4, Str/Int -1)
                  | [Jiyva's grace]
  1683 | D:3      | Gained mutation: You are very agile. (Dex +8, Str/Int -2)
                  | [Jiyva's grace]
  1683 | D:3      | Gained mutation: Armour fits poorly on your pseudopods.
                  | [Jiyva's grace]
  1683 | D:3      | Gained mutation: Armour fits poorly on your large
                  | pseudopods. [Jiyva's grace]
  1748 | D:3      | Found an iron altar of Okawaru.
  1813 | D:4      | Noticed Robin
  1861 | D:4      | Killed Robin
  1869 | D:4      | Noticed Duvessa
  1870 | D:4      | Noticed Dowan
  1898 | D:4      | Killed Duvessa
  1899 | D:4      | Reached skill level 5 in Armour
  1899 | D:4      | Reached XP level 5. HP: 25/47 MP: 4/4
  1907 | D:4      | Killed Dowan
  1944 | D:4      | Reached XP level 6. HP: 44/53 MP: 5/5
  2007 | D:4      | Found Ecazaeth's Firing Range.
  2031 | D:4      | Found Qijecule's Armour Emporium.
  2067 | D:4      | Noticed Eustachio
  2088 | D:4      | Killed Eustachio
  2089 | D:4      | Reached skill level 5 in Fighting
  2089 | D:4      | Reached skill level 6 in Armour
  2270 | D:4      | Noticed Pikel
  2282 | D:4      | Killed Pikel
  2283 | D:4      | Reached skill level 5 in Axes
  2283 | D:4      | Reached skill level 7 in Armour
  2283 | D:4      | Reached skill level 5 in Shields
  2283 | D:4      | Reached XP level 7. HP: 29/62 MP: 3/6
  2617 | D:5      | Entered Level 5 of the Dungeon
  2654 | D:5      | Identified the +2 robe "Konekaaj" {rC+}
  2699 | D:5      | Reached XP level 8. HP: 56/70 MP: 7/7
  2846 | D:5      | Reached **** piety under Jiyva
  2882 | D:5      | Found a sparkling altar of Nemelex Xobeh.
  3003 | D:5      | Found a large runed translucent door.
  3003 | D:5      | Found a large runed translucent door.
  3157 | D:5      | Found a glowing golden altar of the Shining One.
  3161 | D:5      | Found an ancient bone altar of Kikubaaqudgha.
  3272 | D:6      | Noticed a two-headed ogre
  3287 | D:6      | Killed a two-headed ogre
  3288 | D:6      | Reached skill level 8 in Armour
  3530 | D:6      | Lost mutation: Armour fits poorly on your large pseudopods.
                  | [Jiyva's grace]
  3530 | D:6      | Gained mutation: Your flesh is cold resistant. (rC+)
                  | [Jiyva's grace]
  3530 | D:6      | Gained mutation: Your flesh is very cold resistant. (rC++)
                  | [Jiyva's grace]
  3530 | D:6      | Gained mutation: Your flesh is almost immune to the effects
                  | of cold. (rC+++) [Jiyva's grace]
  3530 | D:6      | Gained mutation: You are somewhat resistant to further
                  | mutation. [Jiyva's grace]
  3705 | D:6      | Reached XP level 9. HP: 78/78 MP: 8/8
  3781 | D:6      | Reached skill level 9 in Armour
  4035 | D:7      | Reached skill level 5 in Dodging
  4059 | D:7      | Found a stormy altar of Qazlal.
  4060 | D:7      | Found an ornate altar of the Wu Jian Council.
  4060 | D:7      | Found an opulent altar of Gozag.
  4061 | D:7      | Found a snail-covered altar of Cheibriados.
  4061 | D:7      | Found a hazy altar of Hepliaklqana.
  4061 | D:7      | Found a shimmering blue altar of Sif Muna.
  4061 | D:7      | Found a glowing silver altar of Zin.
  4217 | D:7      | Found a white marble altar of Elyvilon.
  4405 | D:8      | Noticed Gastronok
  4428 | D:8      | Killed Gastronok
  4429 | D:8      | Reached skill level 10 in Armour
  4577 | D:8      | You fall into a shaft and drop 3 floors!
  4585 | D:11     | Found a runed translucent door.
  4588 | D:11     | Found a shimmering altar of Xom.
  4588 | D:11     | Noticed Nidhogg036's ghost (journeyman DsFi)
  4590 | D:11     | Reached ***** piety under Jiyva
  4743 | D:11     | Noticed a +2 scimitar of chaos
  4769 | D:11     | Reached XP level 10. HP: 42/87 MP: 9/9
  4805 | D:10     | Entered Level 10 of the Dungeon
  4817 | D:10     | HP: 2/88 [something/puff of flame (10)]
  4819 | D:10     | Mangled by an orc warrior

Illustrated notes

Levels and vault maps discovered:
D:1:      dpeg_arrival_renting, layout_loops_ring,
          shapermc_ecumenical_altar_mp_urbaneastern, minmay_tiny_reverse_x
D:2:      layout_basic
D:3:      layout_loops_ring, okawaru_altar_gauntlet_db
D:4:      layout_basic, serial_shops, nicolae_shop_pleasant_corner_grove,
          nicolae_shop_firing_range, uniq_eustachio, uniq_duvessa, uniq_pikel,
          uniq_robin
D:5:      layout_rooms, nemelex_dance_club_becter, jmf_multi_god_temple2
D:6:      layout_loops_corners, serial_bayou_ford_a
D:7:      layout_rooms, kennysheep_little_box, grunt_temple_overflow_open,
          minmay_temple_entry_from_below_b
D:8:      layout_basic, kennysheep_path_1, uniq_gastronok
D:10:     layout_small_grid, minmay_unpleasant_kobolds
D:11:     layout_loops_corners, special_room [special_room_orc],
          ebering_ghost_xom, grunt_ministairs_13

Skill      XL: |  1  2  3  4  5  6  7  8  9 10 |
---------------+-------------------------------+-----
Armour         | 4 5 7 8 10 | 10.7
Fighting       | 4 5 6 8 |  8.1
Dodging        | 1 2 3 4 6 |  6.2
Axes           | 3 5 6 7 |  7.6
Shields        | 4 5 6 7 8 |  8.0

Action                     |  1- 3 |  4- 6 |  7- 9 | 10-12 || total
---------------------------+-------+-------+-------+-------++-------
  Melee: War axe           |    88 |    73 |   161 |    16 ||   338
         Headbutt          |     6 |     9 |    36 |     3 ||    54
         Pseudopods        |       |     7 |    32 |     8 ||    47
 Invoke: Oozemancy         |       |     1 |     1 |       ||     2
         Slimify           |       |       |       |     1 ||     1
    Use: Scroll            |     8 |       |     3 |     1 ||    12
         Potion            |     1 |     3 |     1 |     1 ||     6
 Armour: Scale mail        |    48 |    25 |    19 |     1 ||    93
  Dodge: Dodged            |    36 |    46 |    74 |    14 ||   170
  Block: Buckler           |    21 |    79 |    83 |    12 ||   195
         Reflection        |       |     3 |     2 |     3 ||     8
